 Dungeon Crawl Stone Soup version 0.28-a0-973-ga7f8b01127 (webtiles) character file.

Game seed: 2986810330775496237

925 bearlyready the Tainter (level 7, 0/36 HPs)
             Began as a Deep Elf Venom Mage on Dec 1, 2021.
             Was a Follower of Cheibriados.
             Slain by a water moccasin (4 damage)
             ... on level 5 of the Dungeon.
             The game lasted 00:11:58 (5984 turns).

bearlyready the Tainter (Deep Elf Venom Mage)       Turns: 5984, Time: 00:11:59

Health: 0/36       AC:  3    Str: 14    XL:     7   Next: 84%
Magic:  3/15       EV: 13    Int: 25    God:    Cheibriados [*.....]
Gold:   208        SH:  0    Dex: 18    Spells: 4/14 levels left

rFire   . . .      SeeInvis .   B - +5 dagger
rCold   . . .      Faith    .   (no shield)
rNeg    . . .      Spirit   .   a - +0 robe
rPois   .          Reflect  .   (no helmet)
rElec   .          Harm     .   (no cloak)
rCorr   .          Rampage  .   (no gloves)
Will    .....                   n - +0 pair of boots
Stlth   ++........              (no amulet)
HPRegen 0.12/turn               f - +6 ring of strength
MPRegen 0.14/turn               (no ring)

@: lethally poisoned (0 -> -1), very slow
A: no striking features
a: Renounce Religion, Bend Time


You were on level 5 of the Dungeon.
You worshipped Cheibriados.
Cheibriados was aware of your devotion.
You visited 1 branch of the dungeon, and saw 5 of its levels.

You collected 208 gold pieces.

Inventory:

Hand Weapons
 b - a +0 dagger
 m - a +0 flail of protection
 r - a +0 hunting sling
 x - a +0 rapier
 B - a +5 dagger (weapon)
Missiles
 d - 198 stones
 e - 12 sling bullets
 v - 31 poisoned darts
Armour
 a - a +0 robe (worn)
 g - a +0 scale mail
 n - a +0 pair of boots (worn)
Jewellery
 f - a +6 ring of strength (left hand)
 j - a +6 ring of dexterity
 w - a ring of poison resistance
Wands
 s - a wand of polymorph (1)
Scrolls
 c - 2 scrolls of enchant armour
 o - a scroll of enchant weapon
 p - a scroll of magic mapping
 u - a scroll of noise
 C - a scroll of fog
Potions
 k - a potion of lignification {unknown}
 l - a potion of flight
 q - 2 potions of mutation {unknown}
 t - a potion of attraction {unknown}
 z - 3 potions of brilliance {unknown}
 D - a potion of magic {unknown}


   Skills:
 - Level 2.4 Dodging
 - Level 2.4 Stealth
 - Level 4.0 Spellcasting
 - Level 2.0 Conjurations
 - Level 4.1 Hexes
 - Level 2.0 Transmutations
 - Level 1.1 Air Magic
 + Level 8.5 Poison Magic
 - Level 2.1 Invocations


You had 4 spell levels left.
You knew the following spells:

 Your Spells              Type           Power      Damage    Failure   Level
a - Sting                 Tmut/Pois      100%       1d8       1%          1
b - Poisonous Vapours     Pois/Air       58%        N/A       1%          2
c - Olgreb's Toxic Radia  Pois           47%        N/A       2%          4
d - Dazzling Flash        Conj/Hex       40%        N/A       8%          3

Your spell library contained the following spells:

 Spells                   Type           Power      Damage    Failure   Level
 Mephitic Cloud           Conj/Pois/Air  24%        N/A       5%          3
 Silence                  Hex/Air        9%         N/A       65%         5
 Agony                    Necr           5%         N/A       94%         5


Dungeon Overview and Level Annotations

Branches:
Dungeon (5/15)
 Temple: D:4-7

Altars:
Cheibriados
Dithmenos
Sif Muna


Message History

You are poisoned.
The water moccasin poisons you! The water moccasin bites you.
You miss the water moccasin.
You feel very sick. The water moccasin barely misses you.
Casting: Dazzling Flash (dangerous; 7% risk of failure)
Confirm with . or Enter, or press ? or * to list all spells.
Aiming: Sting (safe; 1% risk of failure)
Press: ? - help, Shift-Dir - straight line, f - water moccasin
Aim: a water moccasin (63% to hit)
Okay, then.
Aiming: Polymorph
Press: ? - help, Shift-Dir - straight line, f - water moccasin
Aim: a water moccasin (will become an acid dragon, a killer bee, or a tengu, chance to affect: 46%)
The water moccasin resists with some effort.
Your toxic aura wanes.
You feel sick. The water moccasin bites you.
The water moccasin bites you but does no damage.
Aiming: Polymorph
Press: ? - help, Shift-Dir - straight line, f/p - water moccasin
Aim: a water moccasin (will become an acid dragon, a killer bee, or a tengu, chance to affect: 46%)
The water moccasin resists with some effort.
You feel sick. The water moccasin bites you.
Okay, then.
Okay, then.
Okay, then.
The flow of time bends around you.
Cheibriados rebukes the water moccasin.
The water moccasin seems to slow down.
Cheibriados lowers the support of your attributes as your movement quickens.
You feel sick. The water moccasin bites you.
* * * LOW HITPOINT WARNING * * *
You feel sick.
You feel sick.
You feel sick.
The water moccasin bites you but does no damage.
You feel sick.
You feel sick.
You feel sick. The water moccasin bites you.
You die...

##.............####.#
####......###.#... ##.######
#.#.# #...# #...##.# #...#
#......# #...# ##.#####
#...########.### ########
#...##.....<...# #......#
####...##.###...@.# #.....>#
.................S####.$....#
............................#
...................###.$.....#
####...##.##.##..#.# #......##
##...##........#.# #....?.#
#.....####.###.#.# ########
##...##........#.####
####...##.##.##.......###
######


You could see a water moccasin (slow).

Vanquished Creatures
  2 black bears
  A necrophage (D:4)
  An ogre (D:4)
  2 bullfrogs
  3 scorpions (D:5)
  A hound (D:5)
  An orc priest (D:2)
  An iguana (D:5)
  Terence (D:3)
  A hound zombie (D:5)
  A hound skeleton (D:5)
  7 adders
  3 dart slugs
  7 orcs
  3 bats (D:2)
  4 endoplasms
  2 giant cockroaches (D:3)
  7 goblins
  8 hobgoblins
  7 kobolds
  5 quokkas
  9 ball pythons
  8 frilled lizards
  A rat (D:2)
86 creatures vanquished.

Notes
Turn   | Place    | Note
-------+----------+-------------------------------------------
     0 | D:1      | bearlyready the Deep Elf Venom Mage began the quest for the
                  | Orb.
     0 | D:1      | Reached XP level 1. HP: 10/10 MP: 6/6
   234 | D:1      | Reached skill level 4 in Poison Magic
   234 | D:1      | Reached XP level 2. HP: 15/15 MP: 8/8
   239 | D:1      | Learned a level 2 spell: Poisonous Vapours
   438 | D:1      | Found a faded altar of an unknown god.
  1444 | D:2      | Reached skill level 1 in Air Magic
  1444 | D:2      | Reached XP level 3. HP: 19/19 MP: 5/9
  1926 | D:2      | Reached XP level 4. HP: 13/24 MP: 4/11
  2140 | D:2      | Found a snail-covered altar of Cheibriados.
  2194 | D:2      | Became a worshipper of Cheibriados the Contemplative
  2372 | D:2      | Learned a level 4 spell: Olgreb's Toxic Radiance
  2917 | D:3      | Reached skill level 5 in Poison Magic
  2917 | D:3      | Reached skill level 1 in Invocations
  3112 | D:3      | Noticed Terence
  3121 | D:3      | Killed Terence
  3122 | D:3      | Reached XP level 5. HP: 24/28 MP: 6/13
  3674 | D:4      | Reached * piety under Cheibriados
  3681 | D:4      | Noticed Blork the orc
  3886 | D:4      | Noticed Blork
  3886 | D:4      | Blork the orc changed into Blork the bullfrog
  3892 | D:4      | Killed Blork the bullfrog
  3893 | D:4      | Reached skill level 6 in Poison Magic
  4079 | D:4      | Learned a level 3 spell: Dazzling Flash
  4279 | D:4      | Noticed an ogre
  4291 | D:4      | Killed an ogre
  4292 | D:4      | Reached skill level 1 in Conjurations
  4292 | D:4      | Reached skill level 1 in Hexes
  4292 | D:4      | Reached XP level 6. HP: 18/32 MP: 4/14
  4490 | D:4      | Found a shadowy altar of Dithmenos.
  4507 | D:4      | Found a snail-covered altar of Cheibriados.
  4510 | D:4      | Found a shimmering blue altar of Sif Muna.
  5171 | D:5      | Entered Level 5 of the Dungeon
  5173 | D:5      | Noticed an ice beast
  5190 | D:5      | an ice beast changed into a bullfrog
  5195 | D:5      | Reached skill level 7 in Poison Magic
  5195 | D:5      | Reached XP level 7. HP: 20/36 MP: 3/15
  5678 | D:5      | Reached skill level 8 in Poison Magic
  5865 | D:5      | Reached ** piety under Cheibriados
  5984 | D:5      | Slain by a water moccasin

Illustrated notes

Levels and vault maps discovered:
D:1:      dpeg_arrival_oval, layout_basic, dilly_ecumenical_altar_fadedgnrine,
          chequers_serial_rivers_micro_e, hangedman_decor_slide_cut,
          minivault_27
D:2:      layout_rooms, basic_altar, st_stairs_4, minmay_quantized
D:3:      layout_loops_ring, minmay_fountain_box, uniq_terence
D:4:      layout_loops_ring, chequers_temple_overflow_statue_of_worship,
          overflow_temple_1_default, minmay_misc_feat_doors, chequers_garden,
          uniq_blork_the_orc
D:5:      layout_loops_cross, minmay_small_thing

Skill      XL: |  1  2  3  4  5  6  7 |
---------------+----------------------+-----
Poison Magic   | 4 5 6 7 8 |  8.5
Air Magic      | 1 |  1.1
Transmutations | 2 |  2.0
Spellcasting   | 4 |  4.0
Invocations    | 1 2 |  2.1
Conjurations   | 1 2 |  2.0
Hexes          | 1 3 4 |  4.1
Dodging        | |  2.4
Stealth        | |  2.4

Action                   |  1- 3 |  4- 6 |  7- 9 || total
-------------------------+-------+-------+-------++-------
Melee: Dagger            |    21 |    80 |    20 ||   121
 Cast: Sting             |    35 |    47 |    12 ||    94
       Poisonous Vapours |     7 |    25 |     9 ||    41
       Olgreb's Toxic Ra |       |     8 |     2 ||    10
       Dazzling Flash    |       |     2 |     1 ||     3
Invok: Bend Time         |       |     1 |     1 ||     2
Evoke: Wand              |       |     5 |     2 ||     7
  Use: Potion            |     1 |     4 |     1 ||     6
       Scroll            |       |     7 |       ||     7
 Stab: Sleeping          |     4 |     3 |       ||     7
Armor: Robe              |    10 |    30 |     8 ||    48
Dodge: Dodged            |    24 |    55 |    33 ||   112

Table legend: (Time is in decaauts)
 A = Elapsed time spent in this place.
 B = Non-inter-level travel time spent in this place.
 C = Inter-level travel time spent in this place.
 D = Time resting spent in this place.
 E = Time spent auto-exploring this place.
 F = Levels seen in this place.
 G = Mean time per level.
                   A        B        C        D        E       F      G
               +--------+--------+--------+--------+--------+-----+--------+
         Total |   6629 |   6512 |    117 |    752 |   4815 |   5 | 1325.8 |
       Dungeon |   6629 |   6512 |    117 |    752 |   4815 |   5 | 1325.8 |
               +--------+--------+--------+--------+--------+-----+--------+

Top non-repeatable levels by time:
     D:1: 1629 daAuts
     D:4: 1549 daAuts
     D:3: 1480 daAuts
     D:2: 999 daAuts
     D:5: 969 daAuts
